 Dungeon Crawl Stone Soup version 0.17-a0-1411-g06ff558 (webtiles) character file.

497753 nuthulu the Slayer (level 25, -4/178 HPs)
             Began as a Gargoyle Fighter on June 23, 2015.
             Was the Champion of Okawaru.
             Slain by a deep troll (19 damage)
             ... led by an ironheart preserver
             ... on level 5 of the Vaults.
             The game lasted 03:15:45 (59524 turns).

nuthulu the Slayer (Gargoyle Fighter)              Turns: 59524, Time: 03:15:46

Health: -4/178     AC: 66    Str: 32    XL:     25   Next: 16%
Magic:  18/18      EV: 14    Int: 13    God:    Okawaru [******]
Gold:   1770       SH: 18    Dex: 10    Spells: 0 memorised, 24 levels left

rFire  + + +     SeeInvis +     N - +7 mace of Geusimen {crush, rF+ MP-9 Int+2 SInv}
rCold  . . .     Clarity  +     T - +6 crystal plate armour of Modesty {*Confuse Regen+ Slay+5 Stlth+}
rNeg   + + +     SustAt   .     c - +3 shield {reflect}
rPois  ∞         Gourm    .     Y - +2 hat of Broken Taboos {rF+ Str+3}
rElec  +         Spirit   .     W - +0 cloak {MR+}
rCorr  .         Warding  .     g - +5 pair of gloves of Belemp {rElec rF+ rN+++ MR-}
rMut   .         Stasis   .     X - +0 pair of boots
MR     +++..                    z - amulet of clarity
Stlth  ..........               A - ring "Adeje Cudgh" {rPois Slay+6}
                                y - ring of protection from magic

@: flying, extremely resistant to hostile enchantments, extremely unstealthy
A: big wings, magic resistance 1, negative energy resistance 1, electricity
resistance, unbreathing, petrification resistance, rot immunity, AC +19
a: Stop Flying, Heroism, Finesse, Renounce Religion
}: 2/15 runes: decaying, serpentine


You were on level 5 of the Vaults.
You worshipped Okawaru.
Okawaru was exalted by your worship.
You were not hungry.

You visited 8 branches of the dungeon, and saw 46 of its levels.
You visited the Abyss 1 time.

You collected 4568 gold pieces.
You spent 2798 gold pieces at shops.

Inventory:

Hand weapons
 a - a +8 flail of protection
 s - the +4 flail of Circularity {pain, *Confuse rC+++ MR- Str+2}
   (You bought it in a shop on level 2 of the Vaults)

   In the hands of one skilled in necromantic magic, it inflicts extra damage on
   living creatures.
   It affects your strength (+2).
   It renders you almost immune to cold.
   It affects your resistance to hostile enchantments.
   It may confuse you when you take damage.
 F - a +1 demon whip of pain
 N - the +7 mace of Geusimen (weapon) {crush, rF+ MP-9 Int+2 SInv}
   (You bought it in a shop on level 4 of the Orcish Mines)

   It inflicts extra damage upon your enemies.
   It affects your intelligence (+2).
   It protects you from fire.
   It affects your magic capacity (-9).
   It lets you see invisible.
Missiles
 I - 3 throwing nets (quivered)
Armour
 c - a +3 shield of reflection (worn)
 g - the +5 pair of gloves of Belemp (worn) {rElec rF+ rN+++ MR-}
   (You found it on level 8 of the Lair of Beasts)

   It protects you from fire.
   It insulates you from electricity.
   It renders you almost immune to negative energy.
   It affects your resistance to hostile enchantments.
 T - the +6 crystal plate armour of Modesty (worn) {*Confuse Regen+ Slay+5 Stlth+}
   (Okawaru gifted it to you on level 4 of the Lair of Beasts)

   It affects your accuracy and damage with ranged weapons and melee attacks
   (+5).
   It increases your rate of regeneration.
   It may confuse you when you take damage.
   It makes you more stealthy.
 W - a +0 cloak of magic resistance (worn)
 X - a +0 pair of boots (worn)
 Y - the +2 hat of Broken Taboos (worn) {rF+ Str+3}
   (Okawaru gifted it to you on level 7 of the Lair of Beasts)

   It affects your strength (+3).
   It protects you from fire.
 Z - the -1 hat of Narcissism {+Blink rF+ MP+9 Int-2}
   (Okawaru gifted it to you on level 3 of the Snake Pit)

   It affects your intelligence (-2).
   It protects you from fire.
   It affects your magic capacity (+9).
   It lets you blink.
Jewellery
 k - an uncursed ring of see invisible
 n - an uncursed ring of sustain attributes
 y - a ring of protection from magic (left hand)
 z - an amulet of clarity (around neck)
 A - the ring "Adeje Cudgh" (right hand) {rPois Slay+6}
   (You found it on level 3 of the Snake Pit)

   [ring of poison resistance]

   It affects your accuracy and damage with ranged weapons and melee attacks
   (+6).
   It protects you from poison.
 G - an uncursed amulet of faith
Magical devices
 p - a wand of digging (9)
 q - a wand of disintegration (9)
 O - a wand of paralysis (1)
 Q - a wand of disintegration (10)
Scrolls
 d - 10 scrolls of recharging
 o - 12 scrolls of identify
 t - 16 scrolls of remove curse
 w - 13 scrolls of teleportation
 B - 2 scrolls of fog
 D - 7 scrolls of magic mapping
 J - 2 scrolls of blinking
 P - 8 scrolls of fear
 R - a scroll of summoning
 U - 9 scrolls of amnesia
Potions
 b - 6 potions of brilliance
 f - 4 potions of resistance
 h - a potion of mutation
 l - 2 potions of cancellation
 r - 7 potions of haste
 u - 2 potions of agility
 v - 3 potions of heal wounds
 x - 2 potions of berserk rage
 C - 10 potions of might
 K - 14 potions of curing
 L - 2 potions of magic
 M - 3 potions of invisibility
 S - 4 potions of cure mutation
Miscellaneous
 V - a legendary deck of destruction {the Hammer}
Comestibles
 e - 12 bread rations
 i - 5 slices of pizza
 j - 13 beef jerkies
 m - 12 meat rations
 E - 63 fruits
 H - 11 royal jellies


   Skills:
 * Level 23.9 Fighting
 - Level 14.0 Maces & Flails
 - Level 23.0 Armour
 * Level 17.3 Dodging
 - Level 15.4 Shields
 - Level 6.0 Invocations


You had 24 spell levels left.
You didn't know any spells.

Dungeon Overview and Level Annotations

Branches:
Dungeon (15/15)            Temple (1/1) D:7            Lair (8/8) D:11
  Swamp (4/4) Lair:6        Snake (4/4) Lair:4        Slime (0/6) Lair:6
    Orc (4/4) D:10         Vaults (5/5) D:14          Crypt (0/3) Vaults:3
 Depths (5/5) D:15            Zot (0/5) Depths:5
    Elf: Orc:3-4

Altars:
Ashenzari
Cheibriados
Dithmenos
Elyvilon
Fedhas
Gozag
Kikubaaqudgha
Makhleb
Okawaru
Qazlal
Ru
Sif Muna
Trog
Vehumet
Xom
Yredelemnul
Zin
The Shining One
Beogh

Shops:
D:12 !   Orc:4 *([(   Snake:2 *   Snake:3 (   Snake:4 *   Vaults:2 (
Vaults:3 *   Depths:2 ?

Portals:
Hell: Depths:1 Depths:2 Depths:3 Depths:4
Abyss: Depths:4
Pandemonium: Depths:3
Ziggurat: Depths:5

Annotations:
Vaults:5 Gorice's ghost, legendary KoWn


Innate Abilities, Weirdness & Mutations

You are resistant to torment.
Your stone body is resilient (AC +19).
You are immune to poison.
Your large and strong wings let you fly indefinitely.
You resist negative energy.
You are resistant to electric shocks.
You can survive without breathing.
You are immune to petrification.
You are immune to rotting.
You are resistant to hostile enchantments.


Message History

The shadow dragon completely misses you.
You block the shadow dragon's attack.
The shadow dragon claws you but does no damage.
The deep troll bites you but does no damage.
The deep troll barely misses you. You block the deep troll's attack.
The yaktaur captain shoots a bolt.
The bolt hits you!!
* * * LOW HITPOINT WARNING * * *
The bolt freezes you!
* * * LOW HITPOINT WARNING * * *
The orc completely misses you. The golden dragon bites you!
* * * LOW HITPOINT WARNING * * *
The golden dragon claws you but does no damage.
The golden dragon barely misses you. Gorice's ghost barely misses you.
The shadow dragon bites you but does no damage.
The shadow dragon claws you.
* * * LOW HITPOINT WARNING * * *
The shadow dragon closely misses you. You block the deep troll's attack.
The deep troll claws you!!
You die...

..# #....# (..#
#....# # .(..#
#....# ## .#
.....##....##(#..
...((.#....#((.#
#.......(..#
######)[[.x)[.#####
....\.([c<<.(......
.()..(.D@W[<.(.....
.......D(TZ........
...%.....o.........
######...Z...(#####
....(.......
....#....#....
......#....##...
......#....# ...
......#....#


You could see a shadow dragon, a golden dragon, a yaktaur captain, a deep troll,
a small abomination, Gorice's ghost, an orc, a shadow dragon zombie and a fire
giant zombie.

Vanquished Creatures
  Norris (Depths:2)
  Saint Roka (Depths:1)
  A caustic shrike (Depths:4)
  3 golden dragons
  Xtahua (Depths:3)
  Jorgrun (Depths:4)
  A lich (Vaults:2)
  Rupert (Lair:3)
  A quicksilver dragon (Depths:4)
  3 titans
  7 sphinxes
  3 thorn hunters
  2 shadow dragons (Depths:4)
  6 tengu reavers
  4 greater nagas (Snake:4)
  5 storm dragons
  Roxanne (Swamp:4)
  Wiglaf (Depths:3)
  Donald (D:13)
  17 fire giants
  A draconian knight (Depths:5)
  4 iron dragons
  3 frost giants
  Aizul (Swamp:3)
  13 vault wardens
  An orc warlord (Orc:4)
  A deep elf sorcerer (Vaults:4)
  A ghost moth (shapeshifter) (Vaults:4)
  8 ironheart preservers
  A reaper (Depths:1)
  6 very ugly things
  A war gargoyle (Vaults:4)
  2 spriggan defenders (Depths:4)
  2 draconian annihilators (Depths:5)
  A salamander firebrand (Snake:3)
  14 stone giants
  3 vampire knights
  Nessos (Lair:7)
  2 black draconians (Depths:5)
  Azrael (Orc:4)
  A green draconian (Depths:5)
  A deep elf annihilator (Depths:5)
  A mottled draconian (Depths:5)
  14 ettins
  Snorg (Orc:4)
  30 vault guards
  9 fire dragons
  A green death (Depths:1)
  Josephine (D:14)
  6 yaktaur captains
  3 deep elf high priests
  8 great orbs of eyes
  4 rakshasas
  Fannar (Lair:1)
  3 ghost crabs
  11 ice dragons
  13 naga warriors
  14 centaur warriors
  35 hydras
  A catoblepas (Lair:7)
  16 anacondas
  5 spriggan air magi
  The ghost of 4thArraOfDagon the Digger, an experienced TrCj of Cheibriados (D:12)
  20 ogre magi
  10 deep troll earth magi
  16 alligators
  A salamander stormcaller (Vaults:5)
  3 tengu warriors
  A dancing weapon (Vaults:4)
  A queen ant (Lair:7)
  8 deep troll shamans
  12 naga sharpshooters
  25 death yaks
  Urug (Lair:2)
  8 spriggan berserkers
  5 fire crabs
  An orc high priest (Orc:4)
  2 vampire magi
  10 shock serpents
  A soul eater (Depths:1)
  7 salamander mystics
  Sonja (D:12)
  A deep elf knight (Vaults:1)
  Nergalle (Orc:2)
  13 hell knights
  3 iron trolls
  A wizard (D:14)
  3 shadow wraiths
  5 skeletal warriors
  An unseen horror (shapeshifter) (Depths:4)
  4 unseen horrors
  5 large abominations
  10 swamp dragons
  A spriggan druid (Swamp:4)
  A storm dragon skeleton (Depths:1)
  18 deep trolls
  5 giant orange brains
  11 naga ritualists
  A death drake (shapeshifter) (D:15)
  2 flayed ghosts (Depths:4)
  9 hill giants
  9 necromancers
  4 shambling mangroves
  17 ironbrand convokers
  7 harpies
  2 deep elf conjurers
  11 orc knights
  A sphinx zombie (Vaults:2)
  3 phantasmal warriors
  12 mana vipers
  A fire giant zombie (Depths:2)
  8 griffons
  9 orc sorcerers
  5 wolf spiders
  5 cyclopes
  A manticore (D:15)
  A frost giant zombie (Vaults:2)
  2 water nymphs (shapeshifter)
  11 guardian serpents (Snake:4)
  13 vault sentinels
  An iron dragon skeleton (Depths:2)
  26 salamanders
  48 ugly things
  11 elephants
  An octopode (shapeshifter) (Vaults:1)
  2 hornets
  Joseph (D:8)
  41 black mambas
  A centaur zombie (D:13)
  2 gargoyles
  A black mamba (shapeshifter) (Vaults:1)
  18 naga magi
  10 komodo dragons
  22 spiny frogs
  An efreet (D:14)
  2 torpor snails (Lair:4)
  A guardian serpent (shapeshifter) (Vaults:1)
  A golden dragon simulacrum (Depths:1)
  The ghost of nuthulu the Skirmisher, an experienced GrFi (D:5)
  44 yaktaurs
  A spriggan skeleton (Depths:2)
  4 fire drakes
  A hellion (Depths:2)
  A tengu conjurer (Depths:2)
  A queen bee (Lair:6)
  A demonic crawler (Depths:1)
  2 red devils (Depths:2)
  A deep elf priest (Vaults:1)
  A jumping spider (Vaults:4)
  3 polar bears
  5 trolls
  8 giant leeches
  2 tengu simulacra
  22 blink frogs
  A troll (shapeshifter) (D:14)
  A harpy skeleton (D:13)
  A sphinx simulacrum (Depths:1)
  A frost giant simulacrum (Vaults:2)
  6 bog bodies
  2 boulder beetles
  8 freezing wraiths
  27 two-headed ogres
  A snapping turtle (shapeshifter) (D:14)
  A stone giant simulacrum (Vaults:2)
  2 jumping spiders (shapeshifter)
  3 shadows
  32 slime creatures
  3 air elementals (Depths:5)
  Sigmund (D:4)
  3 redbacks (Vaults:4)
  16 humans (D:13)
  A water elemental (Depths:1)
  A human (shapeshifter) (Depths:2)
  3 deep elf fighters (Vaults:1)
  4 wraiths
  A deep elf mage (Vaults:1)
  3 spriggans
  A tarantella (shapeshifter) (Depths:1)
  4 wyverns
  6 basilisks
  58 yaks
  5 hungry ghosts
  Eustachio (D:5)
  A yak (shapeshifter) (Vaults:4)
  Grum (D:7)
  A tarantella (Vaults:4)
  3 wolves
  A chaos spawn (Depths:1)
  2 spriggan simulacra (Depths:1)
  A fire elemental (Orc:4)
  10 hippogriffs
  28 vampire mosquitoes
  A mottled dragon (shapeshifter) (Vaults:5)
  10 insubstantial wisps
  2 mottled dragons
  2 steam dragons
  2 wargs
  43 nagas
  20 swamp worms
  2 entropy weaver simulacra (Depths:1)
  17 water moccasins
  4 hell hounds (Orc:4)
  An ice beast (shapeshifter) (Depths:2)
  38 orc warriors
  10 porcupines
  14 wasps
  7 soldier ants
  15 swamp drakes
  5 sky beasts
  An eye of draining (shapeshifter) (D:14)
  An ogre (shapeshifter) (Vaults:4)
  5 ice beasts
  3 phantoms
  2 eyes of draining
  A necrophage (D:12)
  70 ogres
  A human skeleton (Vaults:2)
  34 centaurs
  24 crocodiles
  7 big kobolds
  18 giant frogs
  2 gnoll sergeants
  A wyvern skeleton (D:14)
  A brain worm (Lair:5)
  45 killer bees
  6 scorpions
  A water moccasin skeleton (D:9)
  A troll zombie (D:10)
  3 electric eels
  A small abomination (Depths:1)
  9 wights
  The ghost of 4thArraOfDagon the Firebug, a weakling FoFE (D:4)
  12 crimson imps
  4 hounds
  Crazy Yiuf (D:2)
  A quasit (D:8)
  6 centaur skeletons
  3 giant frog skeletons
  Jessica (D:2)
  Terence (D:2)
  17 iguanas
  An iron imp (Depths:3)
  22 orc priests
  3 hell rats
  44 orc wizards
  34 worker ants
  13 sheep
  2 killer bee zombies (D:10)
  7 ogre zombies (D:10)
  A hound skeleton (D:8)
  72 river rats
  A worker ant zombie (D:10)
  27 adders
  20 gnolls
  5 shadow imps
  3 oozes
  2 adder skeletons
  2 worms (D:4)
  9 giant geckos
  226 orcs
  2 ball pythons
  16 hobgoblins
  11 jackals
  24 kobolds
  12 bats
  5 giant cockroaches
  3 giant newts
  23 goblins
  3 goblin skeletons (D:10)
  4 goblin zombies (D:10)
  4 hobgoblin skeletons (D:10)
  3 hobgoblin zombies (D:10)
  2 orc skeletons (D:10)
  9 orc zombies (D:10)
  6 quokkas
  A quokka skeleton (D:9)
  A quokka zombie (D:7)
  23 rats
  2 briar patches (Swamp:3)
2316 creatures vanquished.

Vanquished Creatures (others)
  A fire dragon (Depths:4)
  2 vault guards (Vaults:5)
  A deep elf high priest (Vaults:5)
  4 yaktaur captains
  An ogre mage (Depths:4)
  A salamander stormcaller (Vaults:5)
  4 centaur warriors
  2 naga sharpshooters (Snake:1)
  A phantasmal warrior (Vaults:5)
  2 deep trolls (Vaults:5)
  2 salamanders (Snake:3)
  3 vault sentinels
  7 yaktaurs
  A stone giant simulacrum (Vaults:5)
  A soldier ant (shapeshifter) (Vaults:5)
  2 ogres (Vaults:1)
  An orc warrior (Vaults:5)
  2 centaurs
  A human skeleton (Vaults:2)
  3 killer bees (Lair:6)
  An orc priest (Orc:4)
  2 orc wizards (D:4)
  A worker ant (D:14)
  2 orcs
  A crawling corpse (Vaults:5)
  20 fungi
  9 plants
78 creatures vanquished.

Grand Total: 2394 creatures vanquished

Notes
Turn   | Place    | Note
--------------------------------------------------------------
     0 | D:1      | nuthulu the Gargoyle Fighter began the quest for the Orb.
     0 | D:1      | Reached XP level 1. HP: 14/14 MP: 1/1
   229 | D:1      | Reached XP level 2. HP: 16/20 MP: 2/2
   335 | D:1      | Reached skill level 4 in Fighting
   467 | D:1      | Reached XP level 3. HP: 24/24 MP: 3/3
  1007 | D:2      | Noticed Terence
  1020 | D:2      | Killed Terence
  1020 | D:2      | Reached XP level 4. HP: 22/30 MP: 4/4
  1180 | D:2      | Noticed Jessica
  1235 | D:2      | Killed Jessica
  1401 | D:2      | Noticed Crazy Yiuf
  1408 | D:2      | Killed Crazy Yiuf
  1408 | D:2      | Reached skill level 5 in Fighting
  1408 | D:2      | Reached XP level 5. HP: 35/35 MP: 5/5
  2433 | D:4      | Noticed 4thArraOfDagon's ghost (weakling FoFE)
  2437 | D:4      | Killed 4thArraOfDagon's ghost
  2437 | D:4      | Reached XP level 6. HP: 31/41 MP: 6/6
  2531 | D:4      | Noticed Sigmund
  2739 | D:4      | Reached skill level 6 in Fighting
  2934 | D:4      | Reached skill level 5 in Maces & Flails
  3122 | D:4      | Killed Sigmund
  3122 | D:4      | Reached XP level 7. HP: 47/47 MP: 7/7
  3318 | D:4      | Reached skill level 7 in Fighting
  3551 | D:4      | Noticed an ogre
  3570 | D:4      | Reached XP level 8. HP: 39/53 MP: 8/8
  3660 | D:4      | Killed an ogre
  4066 | D:4      | Reached skill level 8 in Fighting
  4201 | D:5      | Entered Level 5 of the Dungeon
  4238 | D:5      | Noticed nuthulu's ghost (experienced GrFi)
  4255 | D:5      | Killed nuthulu's ghost
  4768 | D:5      | Noticed Eustachio
  4868 | D:5      | Killed Eustachio
  4868 | D:5      | Reached skill level 9 in Fighting
  5030 | D:5      | Reached XP level 9. HP: 52/60 MP: 9/9
  6073 | D:6      | Found a shimmering altar of Xom.
  6073 | D:6      | Found a white marble altar of Elyvilon.
  6117 | D:6      | Reached skill level 10 in Fighting
  6482 | D:6      | Found a shadowy altar of Dithmenos.
  6490 | D:6      | Found an ancient bone altar of Kikubaaqudgha.
  6828 | D:7      | Found a staircase to the Ecumenical Temple.
  6877 | Temple   | Entered the Ecumenical Temple
  6916 | Temple   | Became a worshipper of Warmaster Okawaru
  6933 | D:7      | Found a glowing golden altar of the Shining One.
  7078 | D:7      | Reached skill level 11 in Fighting
  7119 | D:7      | Reached XP level 10. HP: 19/69 MP: 10/10
  7457 | D:7      | Reached skill level 10 in Maces & Flails
  8208 | D:8      | Noticed Grum
  8226 | D:8      | Acquired Okawaru's first power
  8431 | D:7      | Killed Grum
  8566 | D:8      | Noticed Joseph
  8581 | D:8      | Killed Joseph
  8747 | D:8      | Reached skill level 12 in Fighting
  9466 | D:9      | Noticed a hill giant
  9474 | D:9      | Killed a hill giant
  9828 | D:9      | Found a sacrificial altar of Ru.
 10054 | D:9      | Reached XP level 11. HP: 76/76 MP: 11/11
 10281 | D:9      | Reached skill level 13 in Fighting
 10509 | D:9      | Noticed a three-headed hydra
 10517 | D:9      | Killed a three-headed hydra
 10685 | D:10     | Entered Level 10 of the Dungeon
 10904 | D:10     | Found a staircase to the Orcish Mines.
 11306 | D:10     | Noticed a hill giant
 11317 | D:10     | Noticed an unseen horror
 11319 | D:10     | Killed a hill giant
 11334 | D:10     | Killed an unseen horror
 11814 | D:10     | Found a shadowy altar of Dithmenos.
 11985 | D:10     | Reached skill level 14 in Fighting
 12988 | D:11     | Noticed a hill giant
 13000 | D:11     | Killed a hill giant
 13412 | D:11     | Found a staircase to the Lair.
 13487 | D:11     | Reached XP level 12. HP: 86/86 MP: 12/12
 13823 | Lair:1   | Entered Level 1 of the Lair of Beasts
 13963 | Lair:1   | Acquired Okawaru's second power
 14325 | Lair:1   | Noticed Fannar
 14336 | Lair:1   | Killed Fannar
 14405 | Lair:1   | Received a gift from Okawaru
 14405 | Lair:1   | Reached skill level 15 in Fighting
 15911 | Lair:2   | Noticed Urug
 15933 | Lair:2   | Killed Urug
 16467 | Lair:3   | Received a gift from Okawaru
 16615 | Lair:3   | Noticed a four-headed hydra
 16638 | Lair:3   | Killed a four-headed hydra
 16638 | Lair:3   | Reached skill level 5 in Armour
 17038 | Lair:3   | Identified The Arcane Arts, Part Four
 17076 | Lair:3   | Noticed a five-headed hydra
 17082 | Lair:3   | Received a gift from Okawaru
 17093 | Lair:3   | Killed a five-headed hydra
 17248 | Lair:3   | Noticed Rupert
 17277 | Lair:3   | Killed Rupert
 17277 | Lair:3   | Reached skill level 16 in Fighting
 17277 | Lair:3   | Reached XP level 13. HP: 56/93 MP: 13/13
 17687 | Lair:4   | Received a gift from Okawaru
 17690 | Lair:4   | Got a crude crystal plate armour {god gift}
 17691 | Lair:4   | Identified the +6 crystal plate armour of Modesty {*Confuse Regen+ Slay+5 Stlth+} (Okawaru gifted it to you on level 4 of the Lair of Beasts)
 17787 | Lair:4   | Found a staircase to the Snake Pit.
 18908 | Lair:4   | Found a radiant altar of Vehumet.
 19812 | Lair:5   | Reached skill level 17 in Fighting
 20398 | Lair:6   | Found a staircase to the Slime Pits.
 20564 | Lair:6   | Reached skill level 10 in Armour
 21043 | Lair:6   | Received a gift from Okawaru
 21201 | Lair:6   | Gained mutation: Your large and strong wings let you fly indefinitely. [Gargoyle growth]
 21201 | Lair:6   | Reached XP level 14. HP: 91/102 MP: 14/14
 21591 | Lair:6   | Found a staircase to the Swamp.
 22751 | Lair:7   | Reached skill level 18 in Fighting
 23882 | Lair:8   | Entered Level 8 of the Lair of Beasts
 24723 | Lair:7   | Received a gift from Okawaru
 24749 | Lair:7   | Got a steaming hat {god gift}
 24760 | Lair:7   | Identified the +2 hat of Broken Taboos {rF+ Str+3} (Okawaru gifted it to you on level 7 of the Lair of Beasts)
 25030 | Lair:7   | Reached XP level 15. HP: 46/110 MP: 13/15
 25233 | Lair:7   | Noticed Nessos
 25266 | Lair:7   | Killed Nessos
 25266 | Lair:7   | Reached skill level 19 in Fighting
 25455 | Lair:7   | Reached skill level 1 in Invocations
 26373 | Lair:8   | Got a pair of dazzling gloves
 26374 | Lair:8   | Identified the +5 pair of gloves of Belemp {rElec rF+ rN+++ MR-} (You found it on level 8 of the Lair of Beasts)
 26567 | Lair:8   | Reached skill level 5 in Invocations
 27198 | Orc:1    | Entered Level 1 of the Orcish Mines
 27418 | Orc:1    | Received a gift from Okawaru
 28054 | Orc:2    | Noticed Nergalle
 28078 | Orc:2    | Killed Nergalle
 29060 | Orc:4    | Entered Level 4 of the Orcish Mines
 29209 | Orc:4    | Found a roughly hewn altar of Beogh.
 29237 | Orc:4    | Noticed Snorg
 29255 | Orc:4    | Killed Snorg
 29327 | Orc:4    | Found a roughly hewn altar of Beogh.
 29683 | Orc:4    | Noticed Azrael
 29710 | Orc:4    | Killed Azrael
 29733 | Orc:4    | Found Mairygui's Weapon Emporium.
 29991 | Orc:4    | Reached skill level 15 in Armour
 29991 | Orc:4    | Reached skill level 5 in Shields
 30004 | Orc:4    | Found Giyfeafro's Antique Armour Shop.
 30015 | Orc:4    | Found a roughly hewn altar of Beogh.
 30025 | Orc:4    | Found Xeshraati's Antique Weapon Boutique.
 30030 | Orc:4    | Bought a warped mace for 240 gold pieces
 30031 | Orc:4    | Identified the +7 mace of Geusimen {crush, rF+ MP-9 Int+2 SInv} (You bought it in a shop on level 4 of the Orcish Mines)
 30089 | Orc:4    | Found a roughly hewn altar of Beogh.
 30199 | Orc:4    | Found a roughly hewn altar of Beogh.
 30213 | Orc:4    | Found Deod's Assorted Antiques.
 30219 | Orc:4    | Bought a potion of heal wounds for 105 gold pieces
 30221 | Orc:4    | Bought a potion of curing for 63 gold pieces
 30221 | Orc:4    | Bought a scroll of fear for 73 gold pieces
 30221 | Orc:4    | Bought a scroll of enchant weapon for 157 gold pieces
 30292 | Orc:4    | Found a roughly hewn altar of Beogh.
 30489 | D:12     | Noticed 4thArraOfDagon's ghost (experienced TrCj)
 30513 | D:12     | Killed 4thArraOfDagon's ghost
 30601 | D:12     | Found Pupad's Distillery.
 30607 | D:12     | Bought a potion of heal wounds for 75 gold pieces
 30607 | D:12     | Bought a potion of experience for 750 gold pieces
 30611 | D:12     | Reached XP level 16. HP: 116/116 MP: 11/20
 30736 | D:12     | Noticed Sonja
 30745 | D:12     | Cast into the Abyss (Sonja)
 30745 | Abyss:1  | Found a corrupted altar of Lugonu.
 30849 | D:12     | Escaped the Abyss
 30857 | D:12     | Killed Sonja
 31525 | D:13     | Reached XP level 17. HP: 122/122 MP: 12/21
 32264 | D:14     | Found a gate to the Vaults.
 32264 | D:14     | Noticed Donald
 32367 | D:13     | Killed Donald
 32367 | D:13     | Received a gift from Okawaru
 32909 | D:14     | Noticed Josephine
 32923 | D:14     | Killed Josephine
 33683 | D:15     | Entered Level 15 of the Dungeon
 33756 | D:15     | Received a gift from Okawaru
 34097 | D:15     | Received a gift from Okawaru
 34182 | D:15     | Found a staircase to the Depths.
 34526 | D:15     | Reached skill level 10 in Shields
 35368 | Snake:1  | Entered Level 1 of the Snake Pit
 35833 | Snake:1  | Reached XP level 18. HP: 124/128 MP: 13/22
 36339 | Snake:2  | Received a gift from Okawaru
 36570 | Snake:2  | Found Ickeangu's Assorted Antiques.
 36578 | Snake:2  | Bought a sapphire ring for 160 gold pieces
 37091 | Snake:3  | Found a radiant altar of Vehumet.
 37938 | Snake:3  | Got a faintly glowing brass ring
 37940 | Snake:3  | Found Nidah's Weapon Shop.
 37946 | Snake:3  | Identified the ring "Adeje Cudgh" {rPois Slay+6} (You found it on level 3 of the Snake Pit)
 37995 | Snake:3  | Received a gift from Okawaru
 38020 | Snake:3  | Got a pitted hat {god gift}
 38026 | Snake:3  | Identified the -1 hat of Narcissism {+Blink rF+ MP+9 Int-2} (Okawaru gifted it to you on level 3 of the Snake Pit)
 38622 | Swamp:1  | Entered Level 1 of the Swamp
 39580 | Swamp:2  | Reached XP level 19. HP: 112/132 MP: 14/23
 40392 | Swamp:3  | Got a scorched flail
 40393 | Swamp:3  | Identified the +3 flail of Nuhuxotul {freeze, rN++} (You found it on level 3 of the Swamp)
 40497 | Swamp:3  | Noticed Aizul
 40525 | Swamp:3  | Killed Aizul
 41043 | Swamp:4  | Entered Level 4 of the Swamp
 41272 | Swamp:4  | Reached skill level 15 in Shields
 41420 | Swamp:4  | Received a gift from Okawaru
 41552 | Swamp:4  | Reached skill level 20 in Armour
 41622 | Swamp:4  | Got a decaying rune of Zot
 41675 | Swamp:4  | Noticed Roxanne
 41694 | Swamp:4  | Killed Roxanne
 41916 | Swamp:4  | Reached skill level 5 in Dodging
 42620 | Snake:4  | Entered Level 4 of the Snake Pit
 42863 | Snake:4  | Found Line Xorch's General Store.
 42871 | Snake:4  | Bought a potion of haste for 150 gold pieces
 42871 | Snake:4  | Bought a scroll of teleportation for 45 gold pieces
 43591 | Snake:4  | Reached XP level 20. HP: 139/139 MP: 15/24
 43744 | Snake:4  | Received a gift from Okawaru
 43925 | Snake:4  | Reached skill level 21 in Armour
 44119 | Snake:4  | Got a serpentine rune of Zot
 44646 | Vaults:1 | Entered Level 1 of the Vaults
 45510 | Vaults:1 | Received a gift from Okawaru
 45516 | Vaults:1 | Got a faintly glowing hat {god gift}
 45527 | Vaults:1 | Identified the +0 hat of Okawaru's Delight {rPois Str+3 Int+4 Dex-4} (Okawaru gifted it to you on level 1 of the Vaults)
 46650 | Vaults:2 | Reached skill level 10 in Dodging
 46659 | Vaults:2 | Reached XP level 21. HP: 112/144 MP: 10/25
 46829 | Vaults:2 | Reached skill level 22 in Armour
 47516 | Vaults:2 | Received a gift from Okawaru
 47835 | Vaults:2 | Found Mokheteu's Antique Weapon Shoppe.
 47858 | Vaults:2 | Bought an ichor-stained flail for 272 gold pieces
 47862 | Vaults:2 | Identified the +4 flail of Circularity {pain, *Confuse rC+++ MR- Str+2} (You bought it in a shop on level 2 of the Vaults)
 48027 | Vaults:3 | Found a shimmering altar of Xom.
 48052 | Vaults:3 | Found Suxeusoa's General Store.
 48055 | Vaults:3 | Bought an uncursed amulet of clarity for 420 gold pieces
 48861 | Vaults:3 | Found a staircase to the Crypt.
 48861 | Vaults:3 | Found a basalt altar of Yredelemnul.
 48861 | Vaults:3 | Found an ancient bone altar of Kikubaaqudgha.
 49749 | Vaults:4 | Reached skill level 23 in Armour
 49787 | Vaults:4 | Paralysed by an ogre mage for 3 turns
 49799 | Vaults:4 | Received a gift from Okawaru
 50133 | Vaults:4 | Reached XP level 22. HP: 140/150 MP: 17/26
 50831 | Vaults:4 | Received a gift from Okawaru
 51367 | Depths:1 | Entered Level 1 of the Depths
 51643 | Depths:1 | Noticed Saint Roka
 51664 | Depths:1 | Killed Saint Roka
 51718 | Depths:1 | Received a gift from Okawaru
 51793 | Depths:1 | Found a gateway to Hell.
 52022 | Depths:1 | Found a runed gate.
 52023 | Depths:1 | Found a runed gate.
 52024 | Depths:1 | Found a runed gate.
 52343 | Depths:1 | Gained mutation: You are resistant to hostile enchantments. [potion of mutation]
 52343 | Depths:1 | Gained mutation: You are highly resistant to hostile enchantments. [potion of mutation]
 52343 | Depths:1 | Lost mutation: You are highly resistant to hostile enchantments. [potion of mutation]
 53121 | Depths:2 | Found Useoruiz's Magic Scroll Boutique.
 53129 | Depths:2 | Bought a scroll of enchant armour for 120 gold pieces
 53129 | Depths:2 | Bought a scroll of enchant armour for 120 gold pieces
 53129 | Depths:2 | Bought a scroll of teleportation for 48 gold pieces
 53495 | Depths:2 | Noticed Norris
 53522 | Depths:2 | Killed Norris
 54183 | Depths:3 | Found a one-way gate leading to the halls of Pandemonium.
 54184 | Depths:3 | Noticed Wiglaf
 54203 | Depths:3 | Killed Wiglaf
 54297 | Depths:3 | Reached XP level 23. HP: 151/159 MP: 18/27
 54335 | Depths:3 | Noticed Xtahua
 54381 | Depths:3 | Killed Xtahua
 55163 | Depths:4 | Noticed Jorgrun
 55184 | Depths:4 | Killed Jorgrun
 55287 | Depths:4 | Received a gift from Okawaru
 55308 | Depths:4 | Found a one-way gate to the infinite horrors of the Abyss.
 55596 | Depths:4 | Found a glowing silver altar of Zin.
 55596 | Depths:4 | Found a shattered altar of Ashenzari.
 55597 | Depths:4 | Found a glowing silver altar of Zin.
 55945 | Depths:4 | Reached skill level 15 in Dodging
 56283 | Depths:4 | Received a gift from Okawaru
 56601 | Depths:4 | Reached XP level 24. HP: 156/168 MP: 18/27
 57041 | Depths:5 | Entered Level 5 of the Depths
 57213 | Depths:5 | Received a gift from Okawaru
 57295 | Depths:5 | Found a gate to the Realm of Zot.
 57586 | Depths:5 | Found a gateway to a ziggurat.
 58229 | Depths:5 | Found a deep blue altar of Sif Muna.
 58666 | Vaults:5 | Entered Level 5 of the Vaults
 58889 | Vaults:4 | Received a gift from Okawaru
 59298 | Vaults:4 | Reached XP level 25. HP: 178/178 MP: 18/27
 59343 | Vaults:5 | Noticed Gorice's ghost (legendary KoWn)
 59360 | Vaults:4 | Received a gift from Okawaru
 59524 | Vaults:5 | Slain by a deep troll

Vault maps used:
D:1:      evilmike_arrival_rings, minmay_misc_feat_alley
D:2:      corexii_leaking_fountain, kennysheep_crisscross,
          uniq_crazy_yiuf_cottage, uniq_jessica, uniq_terence
D:3:      lemuel_another_geyser
D:4:      portal_sewer_entry_d, first_bread, hangedman_minor_gate_pass,
          uniq_sigmund
D:5:      uniq_eustachio
D:6:      amethyst_overflow_temple_binary, gammafunk_temple_overflow_statue
D:7:      minmay_temple_entry_glass, basic_altar, kennysheep_generic_room_4
D:8:      uniq_grum, uniq_joseph
D:9:      lemuel_doored_altar, hangedman_ranch
D:10:     zombieorc2_lemuel, grunt_ministairs_1, kennysheep_nondescript,
          grunt_dithmenos_shadows
D:11:     lair_0_dummy, kennysheep_nub
D:12:     serial_glass, glass_columns_b, glass_columns_c, serial_shops,
          nicolae_shop_waterfront, uniq_sonja
D:13:     minmay_tree_intersection
D:14:     david_vaults_3, solitary_fountain, uniq_josephine
D:15:     grunt_enter_depths_magical_seal, minivault_27, minmay_misc_feat_plants
Temple:   water_room_temple_a_12
Lair:1:   minmay_lair_venomous_thicket, serial_bayou_pond_a, uniq_fannar
Lair:2:   grunt_forest_large_clearings, grunt_megastairs_4, uniq_urug
Lair:3:   minivault_11, uniq_rupert
Lair:4:   guppyfry_snake_entry_garden, basic_altar, serial_bayou_pond_e
Lair:6:   kennysheep_rathole, swamp_mist_pool, minmay_slime_entry_pillars,
          special_room, beast_lair_carwin_9
Lair:7:   beast_lair_carwin_large_4, zaba_antful_of_joy,
          infiniplex_staircase_pool_2, serial_bayou_shore_b, grunt_megastairs_2,
          serial_bayou_shore_a, uniq_nessos
Lair:8:   due_jungle_book
Swamp:1:  evilmike_swamp_ruin_house_3
Swamp:2:  nicolae_swamp_dense_foliage, swamp_pool2, statue_in_the_mist_lemuel
Swamp:3:  evilmike_swamp_ruin_rubble_1, swamp_pool4, uniq_aizul
Swamp:4:  swamp, uniq_roxanne
Snake:2:  serial_shops, nicolae_shop_trees
Snake:3:  serial_shops, shop, basic_altar
Snake:4:  grunt_snake_rune_serpentine_throne, serial_shops, shop, spider_trap,
          lemuel_fruit_tree
Orc:2:    uniq_nergalle
Orc:3:    nicolae_orc_pool_cavern
Orc:4:    grunt_orc_community_town_hall, grunt_orc_community_big_house_1,
          grunt_orc_community_big_house_2, grunt_orc_community_house_3,
          grunt_orc_community_house_2, grunt_orc_community_house_1,
          grunt_orc_community_house_1, grunt_orc_community_house_2,
          nicolae_orc_flooded_monolith, uniq_snorg, uniq_azrael
Vaults:1: grunt_vaults_focal, grunt_vaults_diagonal, hangedman_vaults_slice,
          vaults_room_door_hall, vaults_dpeg_encased_lava, v_misc_28,
          vaults_room_grid, vaults_room_stairs_pillars, vaults_mumra_hexcomb,
          v_pattern_5, ontoclasm_vaults_shuriken
Vaults:2: hangedman_vaults_snaps, vaults_mumra_minichess,
          grunt_vaults_hallway_short, vaults_dpeg_spiral, st_lines, v_misc_14,
          nicolae_vaults_circle_grid_a, vaults_room_door_ring,
          vaults_room_ringed_pool, hangedman_vaults_corner_blocks, serial_shops,
          shop
Vaults:3: vaults_dpeg_doors, vaults_room_door_ring,
          minmay_crypt_entry_necro_gods, grunt_vaults_trifunnel,
          vaults_dpeg_hooks, ontoclasm_vaults_claustrophobia, v_misc_28,
          nicolae_vaults_stairing_the_circle, ontoclasm_vaults_misaligned,
          vaults_room_hallway, nicolae_vaults_angled_halls,
          ontoclasm_vaults_eye, ontoclasm_vaults_pinch,
          nicolae_vaults_shelves_hall, serial_shops, nicolae_shop_behind_doors,
          basic_altar
Vaults:4: vaults_room_fours, v_pattern_3, nicolae_vaults_alarming,
          nicolae_vaults_what_the_h, v_alt_pattern_3, vaults_room_pools,
          v_alt_pattern_1, hangedman_vaults_corner_blocks, st_cross,
          nicolae_vaults_little_squares_3
Depths:1: serial_bayou_shore_b, hell_entry, pandoras_box_mu, uniq_saint_roka
Depths:2: lemuel_ice_spiral_2, serial_shops, nicolae_shop_stone,
          roderic_lattice_octagonal_star, hellmouth_1, item_on_display_a,
          minmay_staircase_statues_hall_large, uniq_norris
Depths:3: evilmike_inaccessible_box, grunt_hell_entry_dis_mu, pan_entry,
          glass_columns_a, serial_bayou_shore_b, infiniplex_staircase_zigzag_4,
          uniq_wiglaf, uniq_xtahua
Depths:4: hangedman_slaughterboxes, hell_entry, abyss_entry, uniq_jorgrun
Depths:5: grunt_zot_entry_bicorn, enter_ziggurat_f,
          serial_sigils_hangedman_gnaw, lightli_too_deep, lemuel_statue_altar

Action                   |  1- 3 |  4- 6 |  7- 9 | 10-12 | 13-15 | 16-18 | 19-21 | 22-24 | 25-27 || total
-------------------------+-------+-------+-------+-------+-------+-------+-------+-------+-------++-------
Melee: Flail             |    90 |   192 |   522 |  1273 |  2073 |       |       |       |       ||  4150
       Mace              |       |       |       |       |    73 |  1584 |  2152 |  2332 |    91 ||  6232
Throw: Tomahawk          |       |       |       |       |     7 |     1 |       |       |       ||     8
Invok: Heroism           |       |       |       |     7 |    14 |     2 |     4 |     5 |     1 ||    33
       Finesse           |       |       |       |       |     2 |     2 |     2 |     3 |     1 ||    10
 Abil: Fly               |       |       |       |       |     1 |       |     4 |     2 |       ||     7
       Evoke Blink       |       |       |       |       |       |     1 |       |       |       ||     1
       Stop Flying       |       |       |       |       |       |       |       |     2 |       ||     2
  Use: Scroll            |     4 |     7 |     6 |    12 |    10 |     9 |     5 |     5 |       ||    58
       Potion            |     1 |     3 |     6 |       |    10 |     1 |     1 |     1 |     1 ||    24
 Stab: Confused          |       |       |       |       |       |       |     1 |       |       ||     1
  Eat: Chunk             |       |     7 |    14 |    26 |    19 |    11 |     2 |     3 |       ||    82
       Pizza             |       |       |       |     2 |       |     1 |     4 |     2 |       ||     9
       Royal jelly       |       |       |       |     1 |     4 |     2 |     3 |       |       ||    10
       Bread ration      |       |       |       |     1 |     4 |     2 |     2 |     2 |       ||    11
       Meat ration       |       |       |       |       |     1 |       |     4 |     1 |       ||     6
       Beef jerky        |       |       |       |       |     1 |       |     1 |     1 |       ||     3
       Fruit             |       |       |       |       |       |     3 |     2 |     7 |       ||    12
